 Dungeon Crawl Stone Soup version 0.26.1-11-gd32895ea62 (webtiles) character file.

Game seed: 6331487415972159469

249 safid the Chopper (level 6, -1/52 HPs)
             Began as a Hill Orc Wanderer on June 22, 2021.
             Slain by an orc
             ... wielding a +2 whip of electrocution
              (4 damage)
             ... on level 3 of the Dungeon on June 23, 2021.
             The game lasted 00:08:17 (2426 turns).

safid the Chopper (Hill Orc Wanderer)               Turns: 2426, Time: 00:08:18

Health: -1/52      AC: 12    Str: 19    XL:     6   Next: 12%
Magic:  6/6        EV:  9    Int: 11    God:
Gold:   97         SH:  0    Dex:  9    Spells: 5/5 levels left

rFire    . . .     SeeInvis .   a - +0 hand axe
rCold    . . .     Faith    .   (no shield)
rNeg     . . .     Spirit   .   b - +2 scale mail
rPois    .         Reflect  .   (no helmet)
rElec    .         Harm     .   (no cloak)
rCorr    .         Rampage  .   j - +2 pair of gloves
Will     .....                  (no boots)
Stlth    ..........             e - amulet of magic regeneration
HPRegen  0.17/turn              (no ring)
MPRegen  0.35/turn              (no ring)

@: no status effects
A: no striking features
a: Convert to Beogh


You were on level 3 of the Dungeon.
You visited 1 branch of the dungeon, and saw 3 of its levels.

You collected 97 gold pieces.

Inventory:

Hand Weapons
 a - a +0 hand axe (weapon)
 n - a +0 vampiric whip
Armour
 b - a +2 scale mail (worn)
 j - a +2 pair of gloves (worn)
Jewellery
 e - an amulet of magic regeneration (around neck)
Scrolls
 c - a scroll of enchant weapon {unknown}
 d - a scroll of teleportation {unknown}
 o - 2 scrolls of identify


   Skills:
 + Level 4.2 Fighting
 + Level 5.5 Axes
 + Level 4.6 Armour
 - Level 1.0 Stealth
 + Level 3.3 Shields


You had 5 spell levels left.
You didn't know any spells.
Your spell library was empty.

Dungeon Overview and Level Annotations

Branches:
Dungeon (3/15)

Altars:
Hepliaklqana
Xom


Message History

You hit the orc priest but do no damage.
The orc priest threatens, "By the altar or by the axe, you will meet Beogh!"
The orc priest is heavily wounded.
You barely miss the orc.
The orc priest hits you but does no damage.
The orc hits you but does no damage.
You are electrocuted!
* * * LOW HITPOINT WARNING * * *
You closely miss the orc priest.
The orc priest is heavily wounded.
You hit the orc.
The orc priest calls upon Beogh to heal the orc.
The orc's wounds heal themselves!
The orc hits you with a +2 whip of electrocution.
* * * LOW HITPOINT WARNING * * *
You are electrocuted!
* * * LOW HITPOINT WARNING * * *
Unknown command.
The orc priest barely misses you.
The orc hits you with a +2 whip of electrocution.
You die...

#......(..
#.........
#.o.......
###'###+###
#..o### #.##..#
#.##o.#
#.##..########
#.##).#.oo@..#
#.....#.##o#.###
#####.((#..#...#
#####.####.#
#.####.#
#....#.#####
####.#.....#
#.#####.#
#.....#.#


You could see an orc priest and 2 orcs.

Vanquished Creatures
  A centaur (D:3)
  Jessica (D:2)
  Natasha (thrice) (D:2)
  An adder (D:2)
  An ooze (D:3)
  3 worms (D:2)
  A dart slug (D:1)
  A leopard gecko (D:1)
  An orc (D:3)
  2 ball pythons (D:2)
  6 bats
  3 goblins
  4 hobgoblins (D:2)
  3 jackals (D:2)
  A quokka (D:2)
  5 kobolds
  8 rats
45 creatures vanquished.

Notes
Turn   | Place    | Note
-------+----------+-------------------------------------------
     0 | D:1      | safid the Hill Orc Wanderer began the quest for the Orb.
     0 | D:1      | safid set off with the following items: a +0 hand axe, a +2
                  | scale mail, a potion of lignification
     0 | D:1      | Reached XP level 1. HP: 18/18 MP: 1/1
     2 | D:1      | You fall into a shaft and drop 1 floor!
     2 | D:2      | Noticed Natasha
     9 | D:2      | Noticed a crimson imp
    22 | D:2      | Noticed an iron imp
    23 | D:2      | Killed Natasha
    24 | D:2      | Reached XP level 2. HP: 25/26 MP: 2/2
    24 | D:2      | Reached XP level 3. HP: 29/31 MP: 3/3
   306 | D:2      | Noticed Jessica
   317 | D:2      | Killed Jessica
   318 | D:2      | Reached XP level 4. HP: 27/38 MP: 4/4
   545 | D:2      | Noticed Natasha
   568 | D:2      | Killed Natasha
   962 | D:1      | Reached skill level 5 in Axes
   971 | D:1      | Reached XP level 5. HP: 45/45 MP: 5/5
  1124 | D:1      | Found a shimmering altar of Xom.
  1397 | D:2      | Noticed Natasha
  1411 | D:2      | Killed Natasha
  1855 | D:2      | Found a hazy altar of Hepliaklqana.
  1939 | D:3      | Noticed a centaur
  1956 | D:3      | Killed a centaur
  1957 | D:3      | Reached XP level 6. HP: 28/52 MP: 6/6
  2426 | D:3      | Slain by an orc

Illustrated notes

Levels and vault maps discovered:
D:1:      giann_wishing_wells, layout_rooms, xom_teletrap_fun
D:2:      layout_basic, lemuel_coloured_pillars_altar, solitary_fountain,
          uniq_jessica, uniq_natasha
D:3:      layout_basic, lemuel_round_altar, uniq_ijyb

Skill      XL: |  1  2  3  4  5 |
---------------+----------------+-----
Fighting       | 3 4 |  4.2
Shields        | 2 3 |  3.3
Armour         | 4 |  4.6
Axes           | 5 |  5.5
Stealth        | |  1.0

Action                   |  1- 3 |  4- 6 || total
-------------------------+-------+-------++-------
Melee: Hand axe          |    66 |   178 ||   244
  Use: Potion            |     1 |     6 ||     7
       Scroll            |       |     6 ||     6
Armor: Skin              |    13 |       ||    13
       Scale mail        |    34 |    90 ||   124
Dodge: Dodged            |    32 |    74 ||   106
